 Dungeon Sprint DCSS version bcrawl-1.21.3-2-g9d8a61a446 (webtiles) character file.

Game seed: 13200947058229720651

709 funkygono the Blocker (level 8, -7/71 HPs)
             Began as a Formicid Fighter on Apr 13, 2020.
             Was a Follower of Elyvilon.
             Mangled by an ironheart preserver
             ... wielding a +0 great mace
              (35 damage)
             ... in the Dungeon (Sprint V: "Ziggurat Sprint").
             The game lasted 00:08:44 (569 turns).

funkygono the Blocker (Formicid Fighter)             Turns: 569, Time: 00:08:45

Health: -7/71      AC: 29    Str: 35    XL:     8   Next: 0%
Magic:  8/8        EV:  4    Int:  8    God:    Elyvilon [*.....]
Gold:   0          SH: 33    Dex: 10    Spells: 7/7 levels left

rFire    . . .     SeeInvis +   N - +11 plutonium sword {*Contam Stlth-}
rCold    . . .     Gourm    .   J - +18 shield of the Gong {rElec rN+ MR+ EV-5}
rNeg     + . .     Faith    .   I - +15 Maxwell's patent armour {-Cast -Tele rElec MR+ rCorr}
rPois    .         Spirit   .   (helmet unavailable)
rElec    +         Reflect  .   (no cloak)
rCorr    +         Harm     .   (no gloves)
MR       ++...     NoCast   +   (no boots)
Stlth    ..........             (no amulet)
HPRegen  0.21/turn              A - +6 ring of strength
MPRegen  0.11/turn              B - +6 ring of strength

@: no status effects
A: permanent stasis, dig shafts and tunnels, four strong arms, antennae 3
a: Dig, Lesser Healing, Divine Protection, Renounce Religion


You were in the Dungeon.
You worshipped Elyvilon.
Elyvilon was aware of your devotion.
You were not hungry.

You visited 1 branch

Inventory:

Hand Weapons
 b - the +4 morningstar of Instant Death {venom, rC+ rN+ Int+3}
   (You found it in the Dungeon)

   It poisons the flesh of those it strikes.
   It affects your intelligence (+3).
   It protects you from cold.
   It protects you from negative energy.
 N - the +11 plutonium sword (weapon) {*Contam Stlth-}
   (You found it in the Dungeon)

   It causes magical contamination when unequipped.
   It makes you less stealthy.
 T - the +7 Singing Sword {slice}
   (You found it in the Dungeon)

   It inflicts extra damage upon your enemies.
Armour
 a - a +5 crystal plate armour
 I - the +15 Maxwell's patent armour (worn) {-Cast -Tele rElec MR+ rCorr}
   (You found it in the Dungeon)

   It insulates you from electricity.
   It affects your resistance to hostile enchantments.
   It prevents spellcasting.
   It prevents most forms of teleportation.
   It provides partial protection from all sources of acid and corrosion.
 J - the +18 shield of the Gong (worn) {rElec rN+ MR+ EV-5}
   (You found it in the Dungeon)

   It affects your evasion (-5).
   It insulates you from electricity.
   It protects you from negative energy.
   It affects your resistance to hostile enchantments.
Jewellery
 h - the ring of the Mage {Wiz MR++ Int+3}
   (You found it in the Dungeon)

   [ring of wizardry]

   It improves your spell success rate.
   It affects your intelligence (+3).
   It affects your resistance to hostile enchantments.
 j - an uncursed ring of resist corrosion
 v - an uncursed ring of fire
 x - a +6 ring of dexterity
 z - a +6 ring of intelligence
 A - a +6 ring of strength (left hand)
 B - a +6 ring of strength (right hand)
Scrolls
 c - a scroll of brand weapon
 q - 4 scrolls of amnesia
 r - 7 scrolls of fog
 s - 5 scrolls of identify
 t - 5 scrolls of remove curse
 u - 2 scrolls of fear
Potions
 d - 6 potions of might
 f - 10 potions of curing
 g - 13 potions of heal wounds
 i - 7 potions of magic
 l - 2 potions of brilliance
 m - 2 potions of invisibility
 n - 4 potions of resistance
 p - 5 potions of agility
Comestibles
 e - 7 rations {!d}


   Skills:
 + Level 9.5 Fighting
   Level 2.0(4.7) Short Blades
 + Level 6.8(7.0) Long Blades
 + Level 9.9 Armour
 + Level 1.4 Dodging
 + Level 11.4 Shields


You had 7 spell levels left.
You didn't know any spells.
Your spell library contained the following spells:

 Spells                   Type           Power        Failure   Level  Hunger
 Apportation              Tloc           #.....       94%         1    ##.....
 Summon Butterflies       Summ           #.......     94%         1    ##.....
 Beckoning                Tloc           #.........   100%        3    ####...
 Tukima's Dance           Hex            #.......     100%        3    ####...
 Throw Icicle             Conj/Ice       #.......     100%        4    #####..
 Dispel Undead            Necr           #.......     100%        5    ######.
 Invisibility             Hex            #.......     100%        6    #######
 Mana Rupture             Conj/Hex       #.........   100%        7    #######


Dungeon Overview and Level Annotations

Branches:
Dungeon (1/1)

Altars:
Ashenzari
Cheibriados
Dithmenos
Elyvilon
Fedhas
Gozag
Hepliaklqana
Kikubaaqudgha
Lugonu
Makhleb
Nemelex Xobeh
Okawaru
Qazlal
Ru
Sif Muna
Trog
Uskayaw
Vehumet
Wu Jian
Xom
Yredelemnul
Zin
The Shining One
Beogh
Jiyva


Innate Abilities, Weirdness & Mutations

You cannot be hasted, slowed, berserked, paralysed or teleported.
You can dig through walls and to a lower floor.
Your four strong arms can wield two-handed weapons with a shield.
You have a pair of large antennae on your head. (SInv)


Message History

GONNNNG!
The ironheart preserver hits you with a +0 great mace!
You block the vault warden's attack.
BOUMMMMG!
You block the ironheart preserver's attack.
GONNNNG!
You block the vault warden's attack.
GONNNNG!
You block the ironheart preserver's attack.
GONNNNG!
The vault warden no longer looks unusually strong.
You block the vault warden's attack.
BONNNG!
You block the ironheart preserver's attack.
GONNNNG!
Your divine protection fades away.
You block the vault warden's attack.
SHROANNG!
The ironheart preserver hits you with a +0 great mace!!
You die... {{{{

▓..|.[..▓
{{{
▓..)):..▓
▓.......▓
▓.......▓
▓.......▓
▓cc.....▓
▓p▓p..▓.▓
▓@pp©...▓
▓▓▓▓▓▓▓▓▓
{{{ {{{
{{ {{{


You could see an ironheart preserver, a vault warden, 2 yaktaur captains, a
vault guard and a wizard.

Vanquished Creatures
  A rime drake (D)
  A steam dragon (D)
  A hell hound (D)
  A phantom (D)
  A wight (D)
  2 jellies (D)
  2 iron imps (D)
  2 shadow imps (D)
  2 oozes (D)
  An adder skeleton (D)
  A ball python zombie (D)
  A leopard gecko skeleton (D)
  A quokka zombie (D)
17 creatures vanquished.

Notes
Turn   | Place    | Note
-------+----------+-------------------------------------------
     0 | D        | funkygono the Formicid Fighter began the quest for the Orb.
     0 | D        | Reached XP level 1. HP: 18/18 MP: 1/1
     0 | D        | Found a shimmering blue altar of Sif Muna.
     0 | D        | Found a sacrificial altar of Ru.
     0 | D        | Found a bloodstained altar of Trog.
     0 | D        | Found a stormy altar of Qazlal.
     0 | D        | Found an iron altar of Okawaru.
     0 | D        | Found a sparkling altar of Nemelex Xobeh.
     0 | D        | Found a blossoming altar of Fedhas.
     1 | D        | Found the +6 Majin-Bo {vamp, *Drain Str+12 Int+24}
     1 | D        | Found the +7 great mace "Firestarter" {inner flame, rF++}
     2 | D        | Found a transporter.
     2 | D        | Found an ancient bone altar of Kikubaaqudgha.
     2 | D        | Found a viscous altar of Jiyva.
     2 | D        | Found a corrupted altar of Lugonu.
     2 | D        | Found a hazy altar of Hepliaklqana.
     2 | D        | Found a burning altar of Makhleb.
     2 | D        | Found an opulent altar of Gozag.
    23 | D        | Found the +9 heavy crossbow "Sniper" {velocity, Acc+∞ SInv}
    23 | D        | Found the +10 dark maul {crush}
    23 | D        | Found the +15 Maxwell's patent armour {-Cast -Tele rElec
                  | MR+ rCorr}
    23 | D        | Found the +18 shield of the Gong {rElec rN+ MR+ EV-5}
    23 | D        | Found the cursed +14 obsidian axe {chop, +Fly SInv *Curse}
    25 | D        | Found the +6 shillelagh "Devastator" {shatter}
    25 | D        | Found the +11 plutonium sword {*Contam Stlth-}
    25 | D        | Found the +8 lance "Wyrmbane" {slay drac, rPois rF+ rC+
                  | AC+3}
    25 | D        | Found the +9 sword of Zonguldrok {reap}
    25 | D        | Found the cursed +13 scythe of Curses {drain, *Curse}
    25 | D        | Found the +0 sword of Power
    25 | D        | Found the +7 mace of Variability {chain chaos}
    25 | D        | Found the +7 Singing Sword {slice}
    25 | D        | Found the +7 longbow "Piercer" {penet, EV-2}
   209 | D        | Became a worshipper of Zin the Law-Giver
   228 | D        | Fell from the grace of Zin
   228 | D        | Became a worshipper of Elyvilon the Healer
   248 | D        | Reached skill level 5 in Fighting
   248 | D        | Reached skill level 5 in Armour
   248 | D        | Reached skill level 5 in Shields
   248 | D        | Reached XP level 2. HP: 27/27 MP: 2/2
   250 | D        | Entered arena 2.
   250 | D        | Noticed a steam dragon
   250 | D        | Noticed a rime drake
   250 | D        | Found a transporter.
   255 | D        | Killed a steam dragon
   255 | D        | Reached skill level 8 in Shields
   255 | D        | Reached XP level 3. HP: 13/36 MP: 3/3
   255 | D        | Reached XP level 4. HP: 15/43 MP: 4/4
   255 | D        | Reached XP level 5. HP: 17/48 MP: 5/5
   257 | D        | Killed a rime drake
   257 | D        | Reached skill level 5 in Long Blades
   257 | D        | Reached skill level 1 in Dodging
   257 | D        | Reached skill level 10 in Shields
   257 | D        | Reached XP level 6. HP: 21/57 MP: 6/6
   261 | D        | Got the +4 morningstar of Instant Death {venom, rC+ rN+
                  | Int+3}
   443 | D        | Entered arena 3.
   443 | D        | Noticed a hell hound
   443 | D        | Found a transporter.
   444 | D        | Killed a hell hound
   444 | D        | Reached XP level 7. HP: 63/63 MP: 7/7
   456 | D        | Entered arena 4.
   456 | D        | Found a transporter.
   457 | D        | Found the ring of the Mage {Wiz MR++ Int+3}
   465 | D        | Reached skill level 11 in Shields
   470 | D        | Got the +0 helmet of Qiludgh {rN+ Str+4 Dex+4 Stlth+}
   489 | D        | Entered arena 5.
   489 | D        | Reached * piety under Elyvilon
   489 | D        | Found a transporter.
   503 | D        | Got the Disquisition on Evil Confrontation
   508 | D        | Entered arena 6.
   508 | D        | Noticed a golden eye
   508 | D        | Found a transporter.
   518 | D        | Reached XP level 8. HP: 68/71 MP: 8/8
   541 | D        | Entered arena 7.
   541 | D        | Noticed a vault warden
   541 | D        | Noticed a yaktaur captain
   541 | D        | Noticed an ironheart preserver
   541 | D        | Noticed a vault guard
   541 | D        | Noticed a wizard
   541 | D        | Noticed a yaktaur captain
   569 | D        | Mangled by an ironheart preserver

Skill      XL: |  1  2  3  4  5  6  7 |
---------------+----------------------+-----
Fighting       | 5 7 8 9 |  9.5
Long Blades    | 3 4 5 6 |  6.8
Armour         | 5 7 8 9 |  9.9
Shields        | 5 8 10 11 | 11.4
Dodging        | 1 |  1.4
Short Blades   | |  2.0

Action                   |  1- 3 |  4- 6 |  7- 9 || total
-------------------------+-------+-------+-------++-------
Melee: Triple sword      |     4 |     3 |    36 ||    43
Invok: Divine Protection |       |       |     1 ||     1
  Use: Potion            |     1 |       |     1 ||     2
Armor: Plate armour      |     6 |     1 |     5 ||    12
Dodge: Dodged            |       |     1 |     1 ||     2
Block: Medium shield     |    11 |     3 |    65 ||    79
